 Dungeon Crawl Stone Soup version 0.27-a0-1281-ge233d83751 (console) character file.

Game seed: 12985642890301094555

354 Gather the Vexing (level 6, -4/26 HPs)
             Began as a Felid Conjurer on June 14, 2021.
             Was a Follower of Elyvilon.
             Killed by divine providence
             ... invoked by an orc priest
              (12 damage)
             ... on level 5 of the Dungeon.
             The game lasted 00:31:25 (6555 turns).

Gather the Vexing (Felid Conjurer)                  Turns: 6555, Time: 00:31:26

Health: -4/26      AC:  2    Str:  3    XL:     6   Next: 35%
Magic:  2/10       EV: 18    Int: 22    God:    Elyvilon [*.....]
Gold:   362        SH:  0    Dex: 14    Spells: 3/9 levels left
                                        Lives:  0   Deaths: 1

rFire    . . .     SeeInvis +   (weapon unavailable)
rCold    . . .     Faith    .   (shield unavailable)
rNeg     . . .     Spirit   .   (armour unavailable)
rPois    .         Reflect  .   (helmet unavailable)
rElec    .         Harm     .   (cloak unavailable)
rCorr    .         Rampage  .   (gloves unavailable)
Will     .....                  (boots unavailable)
Stlth    +++.......             (no amulet)
HPRegen  0.08/turn              (no ring)
MPRegen  0.12/turn              (no ring)

@: quick
A: very small, claws 1, fangs 3, see invisible, speed 1, shaggy fur 2, stealthy
paws, no weapons or thrown items, no armour, multi-lived
a: Renounce Religion, Lesser Healing, Divine Protection


You were on level 5 of the Dungeon.
You worshipped Elyvilon.
Elyvilon was aware of your devotion.
You visited 1 branch of the dungeon, and saw 5 of its levels.

You collected 362 gold pieces.

Inventory:

Wands
 c - a wand of flame (18)
 g - a wand of acid (9)
Scrolls
 b - 2 scrolls of teleportation
Potions
 a - a potion of mutation
 d - 4 potions of lignification
 e - a potion of curing
 f - a potion of haste
 h - 2 potions of degeneration
 i - a potion of invisibility {unknown}


   Skills:
 + Level 2.2 Fighting
 + Level 4.4 Dodging
 + Level 4.6 Stealth
 + Level 2.4 Spellcasting
 + Level 4.8 Conjurations
 + Level 5.2 Hexes
 + Level 1.4 Invocations
 + Level 1.5 Evocations


You had 3 spell levels left.
You knew the following spells:

 Your Spells              Type           Power      Damage    Failure   Level
a - Searing Ray           Conj           48%        3d5       2%          2
b - Magic Dart            Conj           96%        1d7       1%          1
c - Dazzling Flash        Conj/Hex       50%        N/A       4%          3

Your spell library contained the following spells:

 Spells                   Type           Power      Damage    Failure   Level
 Fulminant Prism          Conj/Hex       12%        3d9       16%         4
 Iskenderun's Mystic Bla  Conj/Tloc      13%        2d5       43%         4


Dungeon Overview and Level Annotations

Branches:
Dungeon (5/15)             Temple (0/1) D:4

Altars:
Elyvilon
Gozag
Makhleb
Okawaru
Trog
Xom

Shops:
D:4 (

Annotations:
D:4 phantom


Innate Abilities, Weirdness & Mutations

You have sharp claws.
You have razor-sharp teeth.
You have supernaturally acute eyesight. (SInv)
You cover ground quickly. (Speed+)
You are covered in thick fur. (AC +2)
Your paws help you pounce on unaware monsters.
You are incapable of wielding weapons or throwing items.
You cannot wear armour.
You gain extra lives every three experience levels.


Message History

You kill the orc! (Press . to maintain the ray.)
The orc priest shouts!
The searing ray hits the orc priest!
The orc priest is heavily wounded.
The searing ray hits the orc priest.
The orc priest is almost dead.
You finish channeling your searing ray.
A hound skeleton comes into view.
The hound skeleton moves out of view.
The orc shouts!
There is a stone staircase leading down here.
Casting: Searing Ray (safe; 2% risk of failure)
Confirm with . or Enter, or press ? or * to list all spells.
Aiming: Magic Dart (safe; 1% risk of failure)
Press: ? - help, Shift-Dir - straight line, f - orc priest
Aim: an orc priest, wielding a +0 short sword and wearing a +0 leather armour (almost dead, 100% to hit)
The magic dart hits the orc priest.
The orc priest is almost dead.
The orc priest casts a cantrip, but nothing happens.
Casting: Magic Dart (safe; 1% risk of failure)
Confirm with . or Enter, or press ? or * to list all spells.
Aiming: Magic Dart (safe; 1% risk of failure)
Press: ? - help, Shift-Dir - straight line, f/p - orc priest
Aim: an orc priest, wielding a +0 short sword and wearing a +0 leather armour (almost dead, 100% to hit)
The magic dart hits the orc priest but does no damage.
The orc priest is almost dead.
The orc priest begins to cast a cantrip, but forgets the words!
The orc priest looks braver for a moment.
The orc priest looks encouraged for a moment.
You see here a black bear corpse.
The orc priest mumbles some strange prayers to Beogh against you.
Beogh smites you!
The orc priest begins to cast a cantrip, but forgets the words!
The orc priest calls down the wrath of Beogh upon you.
Beogh smites you!
There is a burning altar of Makhleb here.
The orc priest invokes the aid of Beogh against you.
Beogh smites you!
You die...

##.PP.. ##...........).##
#..._..## #...............###
#...PPh.# #.................#
#......# #.................#
#.####.................#
#..................†.h†#
#######...............## ###
###._.............# ##.#####
#.................#
#......####.....8.._.......##
##............@......#....##
#####............[..######
######....._o..##
#.........## #..........###
##)...........##
#..............#
##.(......o...##
#............# #............#
#............# #.....


You could see an orc priest and an orc.

Vanquished Creatures
  2 black bears (D:5)
  An orc priest (D:5)
  A centaur skeleton (D:4)
  A bullfrog skeleton (D:5)
  2 iguanas
  An orc wizard (D:5)
  A scorpion zombie (D:5)
  3 adders
  3 gnolls (D:3)
  An adder skeleton (D:4)
  4 worms
  A dart slug (D:1)
  10 orcs
  4 ball pythons
  12 endoplasms
  10 giant cockroaches
  7 hobgoblins
  14 jackals
  9 kobolds
  8 quokkas
  3 bats
  3 frilled lizards
  6 goblins
  4 rats
111 creatures vanquished.

Notes
Turn   | Place    | Note
-------+----------+-------------------------------------------
     0 | D:1      | Gather the Felid Conjurer began the quest for the Orb.
     0 | D:1      | Reached XP level 1. HP: 7/7 MP: 4/4
     1 | D:1      | Found a runed translucent door.
   257 | D:1      | Reached XP level 2. HP: 12/12 MP: 4/6
   499 | D:1      | Reached skill level 1 in Fighting
   502 | D:1      | Learned a level 2 spell: Searing Ray
   960 | D:1      | Found a faded altar of an unknown god.
  1230 | D:1      | Reached XP level 3. HP: 15/15 MP: 4/7
  1942 | D:1      | Learned a level 3 spell: Dazzling Flash
  2002 | D:2      | Reached skill level 1 in Hexes
  2339 | D:2      | Reached XP level 4. HP: 19/19 MP: 5/8
  2467 | D:2      | Reached skill level 2 in Hexes
  3108 | D:3      | Reached skill level 3 in Hexes
  3487 | D:3      | Found a shimmering altar of Xom.
  4173 | D:3      | Reached XP level 5. HP: 22/22 MP: 4/9
  4256 | D:3      | Reached skill level 4 in Hexes
  4381 | D:3      | Found a white marble altar of Elyvilon.
  4388 | D:3      | Became a worshipper of Elyvilon the Healer
  4848 | D:4      | Found a staircase to the Ecumenical Temple.
  5214 | D:4      | Noticed a phantom
  5244 | D:4      | Reached * piety under Elyvilon
  5281 | D:4      | Found Oka Zits's Antique Weapon Shoppe.
  5493 | D:5      | Entered Level 5 of the Dungeon
  5858 | D:5      | Gained mutation: You are covered in thick fur. (AC +2)
                  | [Felid growth]
  5858 | D:5      | Reached XP level 6. HP: 26/26 MP: 7/10
  6247 | D:5      | Found an opulent altar of Gozag.
  6250 | D:5      | Found an iron altar of Okawaru.
  6251 | D:5      | Found a burning altar of Makhleb.
  6303 | D:5      | Found a bloodstained altar of Trog.
  6334 | D:5      | Reached skill level 5 in Hexes
  6334 | D:5      | Reached skill level 1 in Invocations
  6334 | D:5      | Reached skill level 1 in Evocations
  6334 | D:5      | Slain by a black bear
  6335 | D:5      | Reached XP level 5. HP: -1/22 MP: 1/9
  6355 | D:5      | Killed a black bear
  6356 | D:5      | Reached XP level 6. HP: 18/26 MP: 4/10
  6555 | D:5      | Killed from afar by an orc priest

Illustrated notes

Levels and vault maps discovered:
D:1:      dpeg_arrival_caged_fury, layout_basic,
          hellmonk_ecumenical_altar_prayer_group
D:2:      layout_rooms
D:3:      layout_rooms, xom_teletrap_fun, old_standard_altar
D:4:      cheibrodos_old_hovel, layout_basic,
          minmay_temple_entry_statues_fountains, serial_shops, shop_coins
D:5:      layout_cave_pods, grunt_temple_overflow_open, trog_ov_bears_minmay,
          gup_sewer_entry_bubbles, chequers_avenue

Skill      XL: |  1  2  3  4  5  6 |
---------------+-------------------+-----
Dodging        | 3 4 |  4.4
Stealth        | 3 4 |  4.6
Fighting       | 1 2 |  2.2
Hexes          | 1 3 4 5 |  5.2
Conjurations   | 4 |  4.8
Invocations    | 1 |  1.4
Evocations     | 1 |  1.5
Spellcasting   | |  2.4

Action                   |  1- 3 |  4- 6 || total
-------------------------+-------+-------++-------
Melee: Unarmed           |     2 |     9 ||    11
 Cast: Magic Dart        |    28 |     2 ||    30
       Searing Ray       |    33 |    61 ||    94
  Use: Scroll            |       |     9 ||     9
 Stab: Sleeping          |       |     3 ||     3
Armor: Skin              |       |     7 ||     7
Dodge: Dodged            |    13 |    43 ||    56

Table legend: (Time is in decaauts)
 A = Elapsed time spent in this place.
 B = Non-inter-level travel time spent in this place.
 C = Inter-level travel time spent in this place.
 D = Time resting spent in this place.
 E = Time spent auto-exploring this place.
 F = Levels seen in this place.
 G = Mean time per level.
                   A        B        C        D        E       F      G
               +--------+--------+--------+--------+--------+-----+--------+
         Total |   5948 |   5750 |    198 |   1567 |   2926 |   5 | 1189.6 |
       Dungeon |   5948 |   5750 |    198 |   1567 |   2926 |   5 | 1189.6 |
               +--------+--------+--------+--------+--------+-----+--------+

Top non-repeatable levels by time:
     D:2: 1791 daAuts
     D:1: 1718 daAuts
     D:3: 1069 daAuts
     D:5: 849 daAuts
     D:4: 521 daAuts
